 Dungeon Crawl Stone Soup version 0.26-a0-651-gb41185065b (webtiles) character file.

Game seed: 16152148623814875657

221 tof the Chopper (level 5, -3/47 HPs)
             Began as a Minotaur Monk on Oct 1, 2020.
             Slain by an apocalypse crab (11 damage)
             ... while paralysed
             ... on level 3 of the Abyss.
             The game lasted 00:06:25 (4114 turns).

tof the Chopper (Minotaur Monk)                     Turns: 4114, Time: 00:06:25

Health: -3/47      AC:  4    Str: 17    XL:     5   Next: 65%
Magic:  4/4        EV:  2    Int:  7    God:
Gold:   175        SH:  0    Dex: 12    Spells: 4/4 levels left

rFire    . . .     SeeInvis .   u - +0 war axe
rCold    . . .     Faith    .   (no shield)
rNeg     . . .     Spirit   .   r - +0 leather armour (curse)
rPois    .         Reflect  .   (helmet restricted)
rElec    .         Harm     .   (no cloak)
rCorr    +         Rampage  .   n - +0 pair of gloves
MR       .....                  (no boots)
Stlth    +.........             (no amulet)
HPRegen  0.15/turn              e - ring of resist corrosion
MPRegen  0.09/turn              (no ring)

@: paralysed, mighty, agile, about to teleport, berserk cooldown, very slightly
contaminated, slowed, drained, invisible
A: retaliatory headbutt, horns 2
a: no special abilities


You were on level 3 of the Abyss.
You visited 1 branch of the dungeon, and saw 3 of its levels.
You visited the Abyss 1 time.

You collected 175 gold pieces.

Inventory:

Hand Weapons
 a - a +0 hand axe
 u - a +0 war axe (weapon)
Missiles
 d - 24 poisoned darts (quivered)
Armour
 b - a +0 robe
 g - a +0 chain mail
 n - a +0 pair of gloves (worn)
 r - a cursed +0 leather armour (worn)
Jewellery
 e - a ring of resist corrosion (left hand)
Scrolls
 i - 2 scrolls of identify
 j - a scroll of enchant weapon {unknown}
 k - a scroll of enchant armour {unknown}
 q - a scroll of teleportation
 s - 2 scrolls of immolation {unknown}
 t - a scroll of fear {unknown}
 v - a scroll of silence {unknown}
Potions
 f - 2 potions of flight {unknown}
 h - 3 potions of haste {unknown}
 l - a potion of berserk rage {unknown}
 m - a potion of heal wounds {unknown}
 o - a potion of resistance {unknown}
 p - a potion of degeneration {unknown}


   Skills:
 + Level 4.9(4.0) Fighting
 * Level 5.0(4.1) Axes
 + Level 3.1(2.3) Armour
 + Level 4.4(3.6) Dodging
 - Level 1.5(0.7) Stealth


You had 4 spell levels left.
You didn't know any spells.
Your spell library was empty.

Dungeon Overview and Level Annotations

Branches:
Dungeon (3/15)

Altars:
Cheibriados
Elyvilon
Makhleb
Sif Muna
Vehumet

Annotations:
D:2 Crazy Yiuf


Innate Abilities, Weirdness & Mutations

You reflexively headbutt those who attack you in melee.
You have a pair of horns on your head.


Message History

* * * LOW HITPOINT WARNING * * *
You feel mightier all of a sudden.
The apocalypse crab is engulfed in seething chaos.
The apocalypse crab seems to speed up.
The apocalypse crab breathes chaos at you.
The blast of chaos engulfs you.
* * * LOW HITPOINT WARNING * * *
You feel mightier all of a sudden.
The apocalypse crab is engulfed in seething chaos.
The apocalypse crab breathes chaos at you.
The blast of chaos engulfs you.
* * * LOW HITPOINT WARNING * * *
The apocalypse crab is engulfed in seething chaos.
The apocalypse crab seems to grow stronger.
The apocalypse crab bites you.
* * * LOW HITPOINT WARNING * * *
The apocalypse crab claws you but does no damage.
The apocalypse crab is engulfed in seething chaos.
The apocalypse crab seems to slow down.
The apocalypse crab bites you!
You die...

#.. . # #.. ...
. # # .## ...#.
#..#...#
....#.##.##.§##
. ..### §### ?#
#. .#..t.§§## #
##. .##.##§.# .
...[....#####t##
..≈..#....##
.##@# . .#.. ...
# ### . .?.. .#
.. .# . # .## ##
# .# .##. # . .
##$.. .§.....


You could see an apocalypse crab (fast, strong, slow).

Vanquished Creatures
  2 orc priests (D:2)
  An orc wizard (D:2)
  4 adders
  2 worms (D:2)
  2 dart slugs (D:1)
  4 leopard geckos
  6 orcs
  3 giant cockroaches (D:1)
  6 goblins
  12 hobgoblins
  7 jackals
  A quokka (D:3)
  A ball python (D:2)
  16 bats
  6 frilled lizards
  7 kobolds
  5 rats
85 creatures vanquished.

Notes
Turn   | Place    | Note
-------+----------+-------------------------------------------
     0 | D:1      | tof the Minotaur Monk began the quest for the Orb.
     0 | D:1      | Reached XP level 1. HP: 19/19 MP: 0/0
     6 | D:1      | Noticed a worker ant
     6 | D:1      | Noticed a wolf
     6 | D:1      | Noticed an anaconda
     6 | D:1      | Noticed a rime drake
     6 | D:1      | Noticed a komodo dragon
   397 | D:1      | Reached XP level 2. HP: 27/27 MP: 1/1
   405 | D:1      | Reached skill level 1 in Armour
   730 | D:1      | Reached skill level 4 in Axes
   781 | D:1      | Reached XP level 3. HP: 33/33 MP: 2/2
  1034 | D:1      | Found a snail-covered altar of Cheibriados.
  1818 | D:2      | Reached XP level 4. HP: 41/41 MP: 3/3
  1856 | D:2      | Reached XP level 5. HP: 30/47 MP: 4/4
  2058 | D:2      | Found a white marble altar of Elyvilon.
  2061 | D:2      | Found a radiant altar of Vehumet.
  2061 | D:2      | Found a burning altar of Makhleb.
  2242 | D:2      | Found a runed translucent door.
  2243 | D:2      | Noticed Crazy Yiuf
  2492 | D:2      | Found a shimmering blue altar of Sif Muna.
  3627 | D:3      | Reached skill level 5 in Axes
  3956 | D:2      | Cast into level 1 of the Abyss (Crazy Yiuf)
  3994 | Abyss:1  | Noticed a large abomination
  4052 | Abyss:3  | Noticed an apocalypse crab
  4114 | Abyss:3  | Slain by an apocalypse crab

Illustrated notes

Levels and vault maps discovered:
D:1:      onia_arrival_zoo_common, layout_basic, cheibriados_altar_1
D:2:      cheibrodos_pilgrimage, layout_loops_corners, lemuel_blue_sif_altar,
          grunt_temple_overflow_open, grunt_ministairs_1,
          minmay_misc_feat_alley, uniq_crazy_yiuf_cottage
D:3:      layout_basic, grunt_ministairs_15, hex_tiny
Abyss:3:  base: D:3, base: D:3, hangedman_abyss_or_decor_lesser_grid,
          nicolae_abyss_rune_left_handed, hangedman_abyss_or_decor_lesser_grid,
          grunt_abyss_rune_wretched_hive

Skill      XL: |  1  2  3  4  5 |
---------------+----------------+-----
Armour         | 1 2 3 |  3.1
Fighting       | 4 |  4.9
Axes           | 4 5 |  5.0
Dodging        | 4 |  4.4
Stealth        | |  1.5

Action                   |  1- 3 |  4- 6 || total
-------------------------+-------+-------++-------
Melee: Hand axe          |   104 |   107 ||   211
       Headbutt          |    23 |    14 ||    37
       War axe           |       |     7 ||     7
  Use: Scroll            |       |     4 ||     4
Armor: Robe              |    11 |       ||    11
       Chain mail        |    29 |    64 ||    93
       Leather armour    |       |     5 ||     5
Dodge: Dodged            |    51 |    53 ||   104

Table legend: (Time is in decaauts)
 A = Elapsed time spent in this place.
 B = Non-inter-level travel time spent in this place.
 C = Inter-level travel time spent in this place.
 D = Time resting spent in this place.
 E = Time spent auto-exploring this place.
 F = Levels seen in this place.
 G = Mean time per level.
                   A        B        C        D        E       F      G
               +--------+--------+--------+--------+--------+-----+--------+
         Total |   4117 |   3946 |    171 |    713 |   2486 |   6 |  686.2 |
       Dungeon |   3974 |   3803 |    171 |    713 |   2486 |   3 | 1324.7 |
         Abyss |    143 |    143 |      0 |      0 |      0 |   3 |   47.7 |
               +--------+--------+--------+--------+--------+-----+--------+

Top non-repeatable levels by time:
     D:2: 1697 daAuts
     D:3: 1147 daAuts
     D:1: 1129 daAuts
 Abyss:3: 78 daAuts
 Abyss:1: 45 daAuts
 Abyss:2: 18 daAuts
